 Dungeon Crawl Stone Soup version 0.28-a0-724-g66f9036eb4 (webtiles) character file.

Game seed: 14977129940504839087

20199 Multipenetrator the Eclecticist (level 12, -27/60 HPs)
             Began as a Deep Elf Summoner on Oct 26, 2021.
             Was a Priest of Vehumet.
             Shot with a bolt by a yaktaur (29 damage)
             ... on level 13 of the Dungeon on Oct 27, 2021.
             The game lasted 02:40:18 (13842 turns).

Multipenetrator the Eclecticist (DESu)             Turns: 13842, Time: 02:40:21

Health: -27/60     AC:  4    Str:  5    XL:     12   Next: 43%
Magic:  8/37       EV: 13    Int: 32    God:    Vehumet [***...]
Gold:   490        SH:  0    Dex: 15    Spells: 8/50 levels left

rFire   . . .      SeeInvis +   j - +1 dagger (drain)
rCold   . . .      Faith    .   (no shield)
rNeg    . . .      Spirit   .   a - +0 robe
rPois   .          Reflect  .   y - +2 hat
rElec   .          Harm     .   (no cloak)
rCorr   .          Rampage  .   (no gloves)
Will    +....                   (no boots)
Stlth   +++.......              r - amulet of the acrobat
HPRegen 0.20/turn               k - +6 ring of intelligence
MPRegen 0.25/turn               u - ring of see invisible

@: no status effects
A: no striking features
a: Renounce Religion


You were on level 13 of the Dungeon.
You worshipped Vehumet.
Vehumet was most pleased with you.
You visited 2 branches of the dungeon, and saw 14 of its levels.
You also visited: Bailey.

You collected 994 gold pieces.
You spent 504 gold pieces at shops.

Inventory:

Hand Weapons
 j - a +1 dagger of draining (weapon)
 B - a +2 shortbow of freezing
 N - the +6 hunting sling of Melee {venom, rPois rF+}
   (You found it on level 11 of the Dungeon)

   Any ammunition fired from it poisons the flesh of those it strikes.
   rF:        It protects you from fire.
   rPois:     It protects you from poison.
 P - the +6 trident of Judgement {venom, *Rage +Blink rPois rF++}
   (You found it on level 13 of the Dungeon)

   It poisons the flesh of those it strikes.
   rF:        It greatly protects you from fire.
   rPois:     It protects you from poison.
   +Blink:    It lets you blink.
   *Rage:     It berserks you when you make melee attacks (+20% chance).
Missiles
 x - 228 arrows
 A - 8 throwing nets
Armour
 a - a +0 robe (worn)
 y - a +2 hat (worn)
Magical Staves
 n - a staff of poison
 Q - a staff of conjuration
Jewellery
 g - a ring of flight
 k - a +6 ring of intelligence (left hand)
 l - a ring of ice
 r - an amulet of the acrobat (around neck)
 u - a ring of see invisible (right hand)
Wands
 D - a wand of iceblast (47)
 H - a wand of polymorph (5)
 K - a wand of charming (17)
Scrolls
 b - 5 scrolls of teleportation
 d - 3 scrolls of immolation
 f - 2 scrolls of blinking {unknown}
 m - a scroll of magic mapping
 q - 5 scrolls of enchant weapon
 t - a scroll of vulnerability {unknown}
 w - 2 scrolls of holy word {unknown}
 z - a scroll of fog {unknown}
 I - a scroll of torment {unknown}
 L - a scroll of summoning {unknown}
 M - a scroll of identify
 O - 2 scrolls of noise {unknown}
Potions
 c - 3 potions of brilliance
 h - 6 potions of lignification
 i - 2 potions of attraction {unknown}
 o - a potion of cancellation {unknown}
 p - 2 potions of curing
 s - a potion of degeneration {unknown}
 v - a potion of berserk rage {unknown}
 F - 4 potions of haste {unknown}
 G - a potion of invisibility {unknown}
 J - a potion of magic {unknown}
Miscellaneous
 C - a tin of tremorstones (2/2)
 E - a phantom mirror


   Skills:
 + Level 0.7 Fighting
 - Level 0.1 Short Blades
 + Level 3.5 Dodging
 + Level 4.2 Stealth
 - Level 0.1 Unarmed Combat
 * Level 19.8 Spellcasting
 * Level 7.5 Conjurations
 + Level 6.9 Hexes
 + Level 10.8 Summonings
 + Level 0.4 Translocations
 - Level 0.2 Fire Magic
 - Level 1.0 Ice Magic
 + Level 4.1 Earth Magic


You had 8 spell levels left.
You knew the following spells:

 Your Spells              Type           Power      Damage    Failure   Level
a - Summon Small Mammal   Summ           100%       N/A       0%          1
b - Call Canine Familiar  Summ           79%        N/A       1%          3
c - Cause Fear            Hex            33%        N/A       1%          4
d - Foxfire               Conj/Fire      100%       2x1d9     1%          1
e - Summon Ice Beast      Ice/Summ       63%        N/A       1%          4
f - Stone Arrow           Conj/Erth      100%       3d13      1%          3
g - Summon Forest         Summ/Tloc      31%        N/A       3%          5
h - Summon Hydra          Summ           39%        N/A       11%         7
i - Orb of Destruction    Conj           34%        9d12      12%         7
j - Spellforged Servitor  Conj/Summ      37%        N/A       6%          7

Your spell library contained the following spells:

 Spells                   Type           Power      Damage    Failure   Level
 Hailstorm                Conj/Ice       56%        3d12      1%          4
 Call Imp                 Summ           79%        N/A       1%          2
 Passwall                 Tmut/Erth      36%        N/A       1%          2
 Conjure Flame            Conj/Fire      54%        6-21      1%          3
 Frozen Ramparts          Ice            76%        1d9       1%          3
 Inner Flame              Hex/Fire       53%        N/A       1%          3
 Portal Projectile        Hex/Tloc       100%       N/A       1%          3
 Summon Guardian Golem    Hex/Summ       73%        N/A       1%          3
 Animate Armour           Summ/Erth      100%       N/A       1%          4
 Flame Wave               Conj/Fire      54%        3d10      1%          4
 Leda's Liquefaction      Hex/Erth       30%        N/A       1%          4
 Summon Lightning Spire   Summ/Air       61%        N/A       1%          4
 Gell's Gravitas          Tloc           17%        N/A       2%          3
 Lesser Beckoning         Tloc           34%        N/A       2%          3
 Teleport Other           Tloc           34%        N/A       2%          3
 Swiftness                Air            31%        N/A       3%          3
 Ice Form                 Ice/Tmut       35%        N/A       9%          4
 Invisibility             Hex            33%        N/A       10%         6
 Eringya's Noxious Bog    Tmut/Pois      15%        N/A       38%         6
 Lehudib's Crystal Spear  Conj/Erth      31%        10d8      82%         8
 Discord                  Hex            33%        N/A       99%         8


Dungeon Overview and Level Annotations

Branches:
Dungeon (13/15)            Temple (1/1) D:7            Lair (0/6) D:10
    Orc (0/2) D:11         Bailey (visited)
 Vaults: D:13-14

Altars:
Ashenzari
Cheibriados
Dithmenos
Elyvilon
Fedhas
Gozag
Hepliaklqana
Kikubaaqudgha
Makhleb
Nemelex Xobeh
Okawaru
Qazlal
Ru
Sif Muna
Trog
Uskayaw
Vehumet
Wu Jian
Xom
Yredelemnul
Zin
The Shining One

Shops:
D:5 *   D:8 :

Annotations:
D:3 Grinder
D:13 exclusion: obsidian statue


Message History

Confirm with . or Enter, or press ? or * to list all spells.
The spell is quite dangerous to cast (12% risk of failure)!
Continue anyway? [Y]es or [N]o only, please.
The spell is quite dangerous to cast (12% risk of failure)!
Continue anyway?
Aiming: Orb of Destruction (quite dangerous; 12% risk of failure)
Press: ? - help, Shift-Dir - straight line, f - yaktaur
Aim: a yaktaur, wielding a +0 arbalest and quivering bolts (almost dead, fleeing, ally target)
The yaktaur shoots a bolt.
The bolt hits your warg! The bolt burns your warg.
Your warg dies!
Your warg's corpse disappears in a puff of smoke!
The orb of destruction hits the yaktaur!!
You blow up the yaktaur!
Vehumet accepts your kill.
You feel your power returning.
Casting: Orb of Destruction (quite dangerous; 12% risk of failure)
Confirm with . or Enter, or press ? or * to list all spells.
Casting: Call Canine Familiar (safe; 1% risk of failure)
Confirm with . or Enter, or press ? or * to list all spells.
A chill wind blows around you.
A yaktaur comes into view.
Casting: Summon Ice Beast (dangerous; 1% risk of failure)
Confirm with . or Enter, or press ? or * to list all spells.
Casting: Cause Fear (dangerous; 1% risk of failure)
Press: ? - help, Dir - look around, f - activate The yaktaur resists with some effort.
The yaktaur easily resists.
The yaktaur wields a +0 arbalest.
The yaktaur shoots a bolt.
The bolt hits you!
* * * LOW HITPOINT WARNING * * *
The yaktaur shoots a bolt.
The bolt hits you!!
* * * LOW HITPOINT WARNING * * *
The bolt burns you!
* * * LOW HITPOINT WARNING * * *
Casting: Cause Fear (dangerous; 1% risk of failure)
Confirm with . or Enter, or press ? or * to list all spells.
Casting: Cause Fear (dangerous; 1% risk of failure)
Press: ? - help, Dir - look around, f - activate The yaktaur resists with almost no effort.
The yaktaur easily resists.
* * * LOW MAGIC WARNING * * *
The yaktaur shoots a bolt.
The bolt hits you!!
You die...

#......#....##.........#
#...##)#....##.........#
#......#....##...###'###
#......#'##.######......
+.........#.######...##.
#.........#......#...##.
#.........#......#..♣##.
#......Y..#......#...##≈
........e..########......
........h......c.....♣..≈
#...##....##c......cY..♣≈
#.........##...###.....#≈
.............###.......
...............c........
########################


You could see 2 yaktaurs, a friendly warg (summoned) and a friendly ice beast
(summoned).

Vanquished Creatures
  A hydra (D:12)
  2 boulder beetles (D:11)
  2 centaur warriors (D:13)
  3 two-headed ogres
  Pikel (D:9)
  A cyclops (D:13)
  A slime creature (D:12)
  2 kobold demonologists
  A yaktaur (shapeshifter) (D:13)
  A yaktaur (D:13)
  2 trolls (D:12)
  4 yaks
  A vampire mosquito (D:11)
  A redback simulacrum (D:12)
  A warg (D:11)
  A sky beast (D:7)
  3 centaurs (D:13)
  A kobold brigand (D:12)
  A bullfrog (D:7)
  A gnoll sergeant (Bailey)
  3 killer bees (D:8)
  A howler monkey (D:8)
  A hound (Bailey)
  A gnoll shaman (Bailey)
  An iguana (D:5)
  2 orc wizards
  8 gnolls
  A dart slug (D:1)
  4 orcs
  3 goblins
  3 hobgoblins
  A bat (D:3)
  2 frilled lizards (D:1)
  3 kobolds (D:13)
  A rat (D:1)
66 creatures vanquished.

Vanquished Creatures (collateral kills)
  Harold (D:9)
  A two-headed ogre (D:11)
  Nergalle (D:12)
  A wizard (D:13)
  A deep elf pyromancer (D:13)
  3 slime creatures (D:12)
  A gargoyle (D:12)
  A troll (D:10)
  A hornet (D:9)
  A shadow (D:9)
  10 yaks
  2 wraiths (D:12)
  6 vampire mosquitoes
  3 wargs (D:11)
  An acid dragon (D:11)
  2 water moccasins (D:9)
  An orc warrior (D:9)
  An ice beast (D:7)
  A necrophage (D:5)
  An ogre (D:4)
  2 centaurs (D:10)
  A phantom (D:6)
  9 gnoll sergeants
  3 scorpions
  2 bullfrogs
  A wyvern zombie (D:8)
  3 water moccasin zombies (D:5)
  A water moccasin skeleton (D:6)
  2 killer bees (D:8)
  2 howler monkeys
  3 jellies
  A bullfrog skeleton (D:5)
  4 centaur zombies
  A bullfrog zombie (D:5)
  3 centaur skeletons
  2 hounds
  An orc priest (D:3)
  Ijyb (D:3)
  5 gnoll shamans (Bailey)
  5 iguanas
  Natasha (thrice) (D:4)
  2 orc wizards (D:9)
  A killer bee zombie (D:7)
  2 hound skeletons
  2 howler monkey zombies
  Robin (D:3)
  18 gnolls
  3 adders
  A white imp (D:7)
  2 ufetubi
  An adder skeleton (D:4)
  14 orcs
  3 bats (D:1)
  7 endoplasms
  2 giant cockroaches (D:1)
  10 goblins
  8 hobgoblins
  6 kobolds
  3 quokkas
  3 ball pythons
  9 frilled lizards
  3 rats (D:1)
196 creatures vanquished.

Vanquished Creatures (others)
  A wizard (D:5)
  20 foxfires
21 creatures vanquished.

Grand Total: 283 creatures vanquished

Notes
Turn   | Place    | Note
-------+----------+-------------------------------------------
     0 | D:1      | Multipenetrator the Deep Elf Summoner began the quest for
                  | the Orb.
     0 | D:1      | Reached XP level 1. HP: 10/10 MP: 6/6
    29 | D:1      | Reached XP level 2. HP: 8/15 MP: 5/8
   235 | D:1      | Reached skill level 5 in Summonings
   647 | D:1      | Reached XP level 3. HP: 19/19 MP: 7/9
   651 | D:1      | Learned a level 3 spell: Call Canine Familiar
  1087 | D:2      | Found a faded altar of an unknown god.
  1906 | D:3      | Noticed Ijyb
  2280 | D:3      | Reached XP level 4. HP: 24/24 MP: 9/11
  2340 | D:3      | Noticed Robin
  2369 | D:3      | Killed Robin
  2370 | D:3      | Reached skill level 4 in Spellcasting
  2387 | D:3      | Reached skill level 1 in Hexes
  2518 | D:4      | Noticed a scorpion
  2545 | D:4      | Killed a scorpion
  2546 | D:4      | Reached skill level 5 in Spellcasting
  2546 | D:4      | Reached XP level 5. HP: 7/28 MP: 6/14
  3107 | D:4      | Reached XP level 6. HP: 31/33 MP: 10/16
  3112 | D:4      | Learned a level 4 spell: Cause Fear
  3187 | D:4      | Noticed Natasha
  3216 | D:4      | Killed Natasha
  3217 | D:4      | Reached skill level 6 in Spellcasting
  3367 | D:4      | Noticed Natasha
  3381 | D:4      | Killed Natasha
  3444 | D:4      | Found a burning altar of Makhleb.
  3445 | D:4      | Noticed an Executioner
  3446 | D:4      | Found a glowing silver altar of Zin.
  3446 | D:4      | Noticed an angel
  3644 | D:4      | Noticed Natasha
  3671 | D:4      | Killed Natasha
  3776 | D:4      | Reached skill level 7 in Spellcasting
  3877 | D:3      | Killed Ijyb
  3878 | D:3      | Reached XP level 7. HP: 33/37 MP: 6/19
  3936 | D:3      | Noticed Grinder
  3944 | D:5      | Entered Level 5 of the Dungeon
  4185 | D:5      | Reached skill level 8 in Spellcasting
  4516 | D:5      | Reached skill level 9 in Spellcasting
  4516 | D:5      | Reached XP level 8. HP: 38/42 MP: 9/23
  4517 | D:5      | Found Quotwoa's General Store.
  4759 | D:5      | Found a bloodstained altar of Trog.
  4761 | D:5      | Noticed a wizard
  4766 | D:5      | Killed a wizard
  4891 | D:6      | Reached skill level 10 in Spellcasting
  5044 | D:6      | Found an iron altar of Okawaru.
  5121 | D:6      | Found a hazy altar of Hepliaklqana.
  5150 | D:6      | Learned a level 1 spell: Foxfire
  5354 | D:6      | Found a faded altar of an unknown god.
  5904 | D:6      | Learned a level 4 spell: Summon Ice Beast
  6118 | D:7      | Found a staircase to the Ecumenical Temple.
  6127 | Temple   | Entered the Ecumenical Temple
  6210 | Temple   | Became a worshipper of Vehumet
  6255 | D:7      | Learned a level 3 spell: Stone Arrow
  6307 | D:7      | Reached skill level 11 in Spellcasting
  6747 | D:7      | Reached skill level 5 in Hexes
  6759 | D:7      | Reached XP level 9. HP: 39/46 MP: 18/26
  6985 | D:7      | Reached skill level 12 in Spellcasting
  7314 | D:7      | Found a shimmering blue altar of Sif Muna.
  7487 | D:8      | Found a flagged portal.
  7548 | Bailey   | Entered a bailey
  7706 | Bailey   | Reached skill level 1 in Earth Magic
  7730 | Bailey   | Reached skill level 1 in Ice Magic
  7888 | Bailey   | Reached * piety under Vehumet
  7888 | Bailey   | Offered knowledge of Shock by Vehumet.
  7894 | Bailey   | Reached skill level 1 in Conjurations
  8044 | Bailey   | Reached skill level 13 in Spellcasting
  8270 | D:8      | Reached XP level 10. HP: 51/51 MP: 2/29
  8602 | D:8      | Found a sparkling altar of Nemelex Xobeh.
  8603 | D:8      | Found a stormy altar of Qazlal.
  8604 | D:8      | Found a snail-covered altar of Cheibriados.
  8604 | D:8      | Found a blossoming altar of Fedhas.
  8606 | D:8      | Found a hide-covered altar of Uskayaw.
  8606 | D:8      | Found an ancient bone altar of Kikubaaqudgha.
  8607 | D:8      | Found an opulent altar of Gozag.
  8635 | D:8      | You fall into a shaft and drop 2 floors!
  8635 | D:10     | Entered Level 10 of the Dungeon
  8695 | D:10     | Noticed a two-headed ogre
  8696 | D:10     | Reached skill level 14 in Spellcasting
  8823 | D:9      | Offered knowledge of Static Discharge by Vehumet.
  9033 | D:8      | Reached ** piety under Vehumet
  9084 | D:8      | Found Ytegoxah's Book Emporium.
  9094 | D:8      | Bought a Fen Folio for 504 gold pieces
  9100 | D:8      | Learned a level 5 spell: Summon Forest
  9108 | D:8      | Learned a level 7 spell: Summon Hydra
  9301 | D:9      | Identified the +4 chain mail of Existentialism {Harm rC+
                  | Str+6}
  9386 | D:9      | Noticed Harold
  9447 | D:9      | Noticed Pikel
  9456 | D:9      | Killed Pikel
  9787 | D:9      | Killed Harold
  9788 | D:9      | Reached skill level 15 in Spellcasting
 10138 | D:10     | Reached skill level 5 in Conjurations
 10292 | D:10     | Killed a two-headed ogre
 10293 | D:10     | Reached skill level 16 in Spellcasting
 10293 | D:10     | Reached XP level 11. HP: 55/55 MP: 21/33
 10422 | D:10     | Noticed a two-headed ogre
 10427 | D:10     | Killed a two-headed ogre
 10629 | D:10     | Found a staircase to the Lair.
 10822 | D:11     | You fall into a shaft and drop 1 floor!
 10839 | D:12     | Offered knowledge of Ignite Poison by Vehumet.
 11148 | D:12     | Noticed an eight-headed hydra
 11171 | D:12     | Killed an eight-headed hydra
 11172 | D:12     | Reached skill level 17 in Spellcasting
 11420 | D:11     | Noticed a two-headed ogre
 11428 | D:11     | Noticed a two-headed ogre
 11432 | D:11     | Killed a two-headed ogre
 11433 | D:11     | Reached skill level 10 in Summonings
 11450 | D:11     | Killed a two-headed ogre
 11562 | D:11     | Noticed a boulder beetle
 11580 | D:11     | Killed a boulder beetle
 11581 | D:11     | Reached skill level 18 in Spellcasting
 11658 | D:11     | Identified the +6 hunting sling of Melee {venom, rPois rF+}
 12039 | D:11     | Found a staircase to the Orcish Mines.
 12059 | D:11     | Noticed a boulder beetle
 12083 | D:11     | Killed a boulder beetle
 12274 | D:11     | Reached *** piety under Vehumet
 12527 | D:12     | Reached XP level 12. HP: 44/60 MP: 10/36
 12742 | D:12     | Noticed Nergalle
 12755 | D:12     | Killed Nergalle
 12837 | D:12     | Reached skill level 19 in Spellcasting
 12847 | D:12     | Learned a level 7 spell: Orb of Destruction
 13116 | D:13     | Identified the +6 trident of Judgement {venom, *Rage +Blink
                  | rPois rF++}
 13150 | D:13     | Noticed a centaur warrior
 13178 | D:13     | Killed a centaur warrior
 13188 | D:13     | Learned a level 7 spell: Spellforged Servitor
 13433 | D:13     | Noticed a centaur warrior
 13441 | D:13     | Killed a centaur warrior
 13676 | D:13     | Offered knowledge of Hailstorm by Vehumet.
 13803 | D:13     | HP: 3/60 [yaktaur/bolt (9)]
 13806 | D:13     | HP: 1/60 [yaktaur/bolt (3)]
 13841 | D:13     | HP: 2/60 [yaktaur/bolt (8)]
 13842 | D:13     | Shot with a bolt by a yaktaur

Illustrated notes

Levels and vault maps discovered:
D:1:      minmay_arrival_four_houses, layout_rooms, minmay_lizard_pond
D:2:      layout_basic, hellmonk_ecumenical_altar_blasted, minmay_tripent
D:3:      layout_basic, serial_shops, nicolae_shop_stone, shop,
          nicolae_shop_trees, nicolae_shop_trees, shop, uniq_ijyb, uniq_robin,
          uniq_terence, uniq_grinder
D:4:      layout_loops_cross, grunt_temple_overflow_order_and_chaos_2,
          uniq_natasha
D:5:      layout_basic, trog_wizard, serial_shops, shop
D:6:      layout_basic, beargit_hepliaklqana_dungeon_heroes,
          okawaru_ov_weapons_minmay, minmay_misc_feat_doors
D:7:      layout_basic, nicolae_overflow_hidden_temple,
          minmay_temple_entry_antechambers
D:8:      layout_rooms, grunt_temple_overflow_open, enter_bailey_2,
          serial_shops, nicolae_lakefront_shop
D:9:      layout_loops_ring, hangedman_abyss_or_decor_lesser_grid, uniq_harold,
          uniq_pikel
D:10:     layout_loops_ring, lair_entry_dummy
D:11:     layout_loops_ring, minmay_orc_entry_guard_dogs, gauntlet_entry_generic
D:12:     layout_basic, uniq_nergalle
D:13:     layout_stronghold, hangedman_abyss_or_decor_stabs, minivault_16,
          minmay_statue_bubble
Temple:   compressed_dpeg_triangle_lava_temple

Skill      XL: |  1  2  3  4  5  6  7  8  9 10 11 12 |
---------------+-------------------------------------+-----
Summonings     | 5 6 7 8 9 10 | 10.8
Stealth        | 3 4 |  4.2
Spellcasting   | 5 7 9 11 13 16 18 19 | 19.8
Hexes          | 1 2 4 5 6 |  6.9
Earth Magic    | 2 3 4 |  4.1
Ice Magic      | 1 |  1.0
Dodging        | 3 |  3.5
Conjurations   | 3 5 6 7 |  7.5
Fighting       | |  0.7
Short Blades   | |  0.1
Unarmed Combat | |  0.1
Translocations | |  0.4
Fire Magic     | |  0.2

Action                   |  1- 3 |  4- 6 |  7- 9 | 10-12 || total
-------------------------+-------+-------+-------+-------++-------
Melee: Unarmed           |    27 |       |       |       ||    27
       Short sword       |    15 |       |       |       ||    15
       Dagger            |     1 |    24 |    25 |     4 ||    54
 Cast: Summon Small Mamm |    38 |    32 |    30 |    10 ||   110
       Call Canine Famil |     5 |    23 |    37 |    42 ||   107
       Foxfire           |       |       |    12 |       ||    12
       Summon Ice Beast  |       |       |    16 |    33 ||    49
       Stone Arrow       |       |       |    28 |    78 ||   106
       Cause Fear        |       |       |     1 |     3 ||     4
       Summon Forest     |       |       |       |     6 ||     6
       Orb of Destructio |       |       |       |     8 ||     8
       Spellforged Servi |       |       |       |     1 ||     1
  Use: Scroll            |       |       |     4 |     3 ||     7
       Potion            |       |       |       |     4 ||     4
 Stab: Sleeping          |     2 |       |       |       ||     2
Armor: Robe              |    12 |     2 |     6 |    12 ||    32
Dodge: Dodged            |    38 |    24 |    30 |    55 ||   147

Table legend: (Time is in decaauts)
 A = Elapsed time spent in this place.
 B = Non-inter-level travel time spent in this place.
 C = Inter-level travel time spent in this place.
 D = Time resting spent in this place.
 E = Time spent auto-exploring this place.
 F = Levels seen in this place.
 G = Mean time per level.
                   A        B        C        D        E       F      G
               +--------+--------+--------+--------+--------+-----+--------+
         Total |  13843 |  13489 |    354 |   2656 |   7303 |  15 |  922.9 |
       Dungeon |  13078 |  12738 |    340 |   2338 |   7282 |  13 | 1006.0 |
        Temple |     98 |     84 |     14 |      0 |      0 |   1 |   98.0 |
        Bailey |    665 |    665 |      0 |    318 |     21 |   1 |  665.0 |
               +--------+--------+--------+--------+--------+-----+--------+

Top non-repeatable levels by time:
     D:4: 1421 daAuts
     D:6: 1282 daAuts
     D:7: 1274 daAuts
     D:2: 1241 daAuts
    D:12: 1182 daAuts
    D:11: 1119 daAuts
     D:1: 1003 daAuts
    D:10: 989 daAuts
     D:9: 898 daAuts
     D:5: 884 daAuts
     D:8: 761 daAuts
    D:13: 740 daAuts
  Bailey: 665 daAuts
     D:3: 279 daAuts
  Temple: 98 daAuts
